[ AOE2 MATCH · #507899883 ]
UnrankedGurjaras vs Vietnamese
Player's team · LOSS
[ REPLAY ANALYSIS · EXTRACTED FROM THE RECORDED GAME ]
Feudal
8:58
Castle
20:32
Imperial
51:01
| APM avg | 61.3 |
| APM peak | 94 |
| eAPM avg | 32.6 |
| Villagers / military | 202 / 87 |
Focus
⚔️ 39.5% · 🌾 60.5%
Camel Scout ×38 · Monk ×16 · Shrivamsha Rider ×10 · Archer ×7 · Scout Cavalry ×7 · Spearman ×4
Feudal
11:33
Castle
16:41
Imperial
48:33
| APM avg | 49.6 |
| APM peak | 96 |
| eAPM avg | 23.0 |
| Villagers / military | 147 / 120 |
Focus
⚔️ 28.8% · 🌾 71.2%
Fire Lancer ×35 · Knight ×26 · Scout Cavalry ×22 · Monk ×14 · Scorpion ×6 · Battering Ram ×6
Match map
Initial resources + every placement click. Lines = walls · curves = elevation contours. ◆ gold · ⬟ stone · ● berries · ✦ relic · ◌ wall gap
Your base· Open — 3t gap
pigrandom's base· Open — unwalled flank
Smoothed initial terrain · ◌ = detected wall gap · hover for details
Inputs per minute
— sunsetfire - - pigrandom
Build order — sunsetfire
First 150 of 468 actions detected
| 0:00 | Queue | Villager (Male) |
| 0:01 | Queue | Villager (Male) |
| 0:02 | Build | House |
| 0:03 | Build | House |
| 0:10 | Queue | Villager (Male) |
| 0:11 | Queue | Villager (Male) |
| 0:33 | Build | Mill |
| 1:42 | Queue | Villager (Male) |
| 1:42 | Queue | Villager (Male) |
| 2:03 | Queue | Villager (Male) |
| 2:04 | Queue | Villager (Male) |
| 2:27 | Queue | Villager (Male) |
| 2:28 | Queue | Villager (Male) |
| 2:51 | Queue | Villager (Male) |
| 3:25 | Queue | Villager (Male) |
| 3:39 | Queue | Villager (Male) |
| 3:55 | Build | House |
| 4:18 | Queue | Villager (Male) |
| 4:18 | Queue | Villager (Male) |
| 5:00 | Queue | Villager (Male) |
| 5:30 | Queue | Villager (Male) |
| 5:44 | Research | Loom |
| 6:09 | Build | Lumber Camp |
| 6:17 | Queue | Villager (Male) |
| 6:36 | Research | Feudal Age |
| 7:41 | Build | House |
| 8:10 | Build | Barracks |
| 8:50 | Queue | Villager (Male) |
| 8:57 | Build | Palisade Wall |
| 8:58 | Age | Feudal Age |
| 8:59 | Build | Palisade Wall |
| 9:00 | Build | Palisade Wall |
| 9:02 | Build | Palisade Wall |
| 9:10 | Build | Palisade Wall |
| 9:11 | Build | Palisade Wall |
| 9:15 | Queue | Villager (Male) |
| 9:26 | Build | Stable |
| 9:31 | Queue | Villager (Male) |
| 9:44 | Research | Double-Bit Axe |
| 9:44 | Research | Double-Bit Axe |
| 10:09 | Build | House |
| 10:13 | Build | House |
| 10:15 | Build | Palisade Wall |
| 10:21 | Queue | Villager (Male) |
| 10:22 | Queue | Scout Cavalry |
| 10:22 | Queue | Scout Cavalry |
| 10:24 | Build | Farm |
| 10:27 | Queue | Scout Cavalry |
| 10:36 | Queue | Villager (Male) |
| 10:38 | Build | Farm |
| 10:54 | Build | Farm |
| 10:55 | Queue | Villager (Male) |
| 11:10 | Queue | Scout Cavalry |
| 11:15 | Build | Mining Camp |
| 11:32 | Build | House |
| 11:33 | Queue | Villager (Male) |
| 11:35 | Research | Town Watch |
| 11:50 | Build | House |
| 11:50 | Queue | Villager (Male) |
| 11:54 | Build | Farm |
| 12:14 | Queue | Villager (Male) |
| 12:26 | Queue | Villager (Male) |
| 12:30 | Build | Archery Range |
| 12:44 | Build | Farm |
| 12:53 | Queue | Villager (Male) |
| 13:10 | Build | Farm |
| 13:24 | Build | Farm |
| 13:25 | Queue | Villager (Male) |
| 13:29 | Queue | Archer |
| 13:51 | Build | Farm |
| 13:54 | Build | Palisade Wall |
| 13:57 | Build | Palisade Wall |
| 14:00 | Build | Palisade Wall |
| 14:02 | Build | Palisade Wall |
| 14:10 | Queue | Villager (Male) |
| 14:10 | Queue | Archer |
| 14:19 | Build | House |
| 14:22 | Queue | Villager (Male) |
| 14:27 | Build | Farm |
| 14:33 | Build | House |
| 14:38 | Queue | Archer |
| 14:59 | Build | Lumber Camp |
| 14:59 | Queue | Villager (Male) |
| 15:15 | Queue | Villager (Male) |
| 15:17 | Build | Farm |
| 15:28 | Queue | Archer |
| 15:29 | Queue | Scout Cavalry |
| 16:00 | Build | Blacksmith |
| 16:07 | Queue | Archer |
| 16:15 | Queue | Villager (Male) |
| 16:17 | Build | Farm |
| 16:59 | Build | House |
| 17:02 | Build | Stone Wall |
| 17:14 | Build | House |
| 17:26 | Build | Stone Wall |
| 17:39 | Queue | Archer |
| 17:52 | Research | Castle Age |
| 17:52 | Research | Castle Age |
| 17:58 | Queue | Archer |
| 18:09 | Build | House |
| 18:21 | Queue | Spearman |
| 18:21 | Queue | Spearman |
| 18:25 | Queue | Camel Scout |
| 18:25 | Queue | Camel Scout |
| 18:33 | Build | House |
| 19:02 | Research | Fletching |
| 19:02 | Research | Fletching |
| 19:18 | Queue | Camel Scout |
| 19:18 | Queue | Camel Scout |
| 19:28 | Queue | Camel Scout |
| 20:01 | Queue | Camel Scout |
| 20:01 | Queue | Camel Scout |
| 20:15 | Queue | Villager (Male) |
| 20:26 | Build | Market |
| 20:32 | Age | Castle Age |
| 20:37 | Build | Siege Workshop |
| 21:00 | Queue | Spearman |
| 21:00 | Queue | Spearman |
| 21:07 | Build | Monastery |
| 21:08 | Queue | Villager (Male) |
| 21:19 | Queue | Camel Scout |
| 21:19 | Queue | Camel Scout |
| 21:20 | Queue | Mangonel |
| 21:20 | Queue | Mangonel |
| 21:32 | Build | Town Center |
| 21:33 | Queue | Villager (Male) |
| 21:33 | Queue | Villager (Male) |
| 21:49 | Queue | Villager (Male) |
| 21:54 | Build | House |
| 22:03 | Queue | Villager (Male) |
| 22:22 | Queue | Villager (Male) |
| 22:24 | Build | Farm |
| 22:25 | Build | Farm |
| 22:36 | Build | Farm |
| 22:43 | Queue | Camel Scout |
| 22:43 | Queue | Camel Scout |
| 23:02 | Build | Farm |
| 23:03 | Build | Farm |
| 23:16 | Queue | Villager (Male) |
| 23:18 | Build | Farm |
| 23:19 | Build | Farm |
| 23:42 | Queue | Villager (Male) |
| 23:47 | Queue | Camel Scout |
| 23:47 | Queue | Camel Scout |
| 23:54 | Queue | Monk |
| 24:09 | Queue | Villager (Male) |
| 24:14 | Build | Farm |
| 24:21 | Build | Farm |
| 24:23 | Build | Farm |
| 24:24 | Queue | Villager (Male) |
Build order — pigrandom
First 150 of 370 actions detected
| 0:01 | Queue | Villager (Male) |
| 0:02 | Build | House |
| 0:03 | Build | House |
| 0:24 | Queue | Villager (Male) |
| 0:24 | Queue | Villager (Male) |
| 0:30 | Queue | Villager (Male) |
| 1:35 | Queue | Villager (Male) |
| 1:35 | Queue | Villager (Male) |
| 2:06 | Queue | Villager (Male) |
| 2:06 | Queue | Villager (Male) |
| 2:09 | Build | Lumber Camp |
| 2:29 | Queue | Villager (Male) |
| 2:29 | Queue | Villager (Male) |
| 2:55 | Queue | Villager (Male) |
| 2:55 | Queue | Villager (Male) |
| 3:22 | Queue | Villager (Male) |
| 3:23 | Queue | Villager (Male) |
| 3:25 | Queue | Villager (Male) |
| 3:26 | Queue | Villager (Male) |
| 3:30 | Build | House |
| 3:32 | Build | House |
| 4:01 | Queue | Villager (Male) |
| 4:01 | Queue | Villager (Male) |
| 4:23 | Queue | Villager (Male) |
| 4:57 | Queue | Villager (Male) |
| 4:57 | Queue | Villager (Male) |
| 5:10 | Build | Barracks |
| 5:25 | Queue | Villager (Male) |
| 5:39 | Build | House |
| 5:41 | Queue | Villager (Male) |
| 5:41 | Queue | Villager (Male) |
| 5:42 | Queue | Villager (Male) |
| 6:10 | Queue | Militia |
| 6:10 | Queue | Militia |
| 6:19 | Research | Loom |
| 6:28 | Queue | Militia |
| 6:34 | Build | House |
| 6:45 | Queue | Villager (Male) |
| 6:45 | Queue | Villager (Male) |
| 6:45 | Queue | Villager (Male) |
| 6:45 | Queue | Villager (Male) |
| 7:13 | Build | Mill |
| 7:47 | Queue | Villager (Male) |
| 8:14 | Queue | Villager (Male) |
| 8:49 | Queue | Villager (Male) |
| 9:02 | Build | Farm |
| 9:03 | Build | Farm |
| 9:03 | Build | Farm |
| 9:23 | Research | Feudal Age |
| 10:38 | Build | Palisade Wall |
| 10:48 | Build | Mining Camp |
| 11:16 | Build | Palisade Wall |
| 11:17 | Build | Palisade Wall |
| 11:18 | Build | Palisade Wall |
| 11:19 | Build | Palisade Wall |
| 11:31 | Queue | Villager (Male) |
| 11:33 | Age | Feudal Age |
| 11:50 | Queue | Spearman |
| 11:52 | Queue | Villager (Male) |
| 11:59 | Build | Market |
| 12:14 | Build | Palisade Gate |
| 12:16 | Build | Palisade Wall |
| 12:21 | Queue | Villager (Male) |
| 12:22 | Queue | Villager (Male) |
| 12:24 | Research | Double-Bit Axe |
| 12:41 | Queue | Spearman |
| 12:45 | Queue | Villager (Male) |
| 12:52 | Build | Farm |
| 13:03 | Build | Blacksmith |
| 13:14 | Build | Palisade Wall |
| 13:32 | Queue | Villager (Male) |
| 13:37 | Queue | Spearman |
| 13:48 | Build | Farm |
| 13:50 | Build | House |
| 13:54 | Research | Wheelbarrow |
| 14:01 | Research | Castle Age |
| 14:01 | Research | Castle Age |
| 14:08 | Build | House |
| 14:28 | Build | Farm |
| 14:30 | Build | Farm |
| 14:30 | Build | Farm |
| 15:05 | Build | Mining Camp |
| 15:33 | Queue | Villager (Male) |
| 16:19 | Build | Stable |
| 16:41 | Age | Castle Age |
| 16:57 | Build | Farm |
| 17:06 | Queue | Villager (Male) |
| 17:13 | Research | Double-Bit Axe |
| 17:14 | Research | Horse Collar |
| 17:23 | Research | Gold Mining |
| 17:25 | Queue | Knight |
| 17:26 | Queue | Knight |
| 17:33 | Build | House |
| 17:36 | Build | Palisade Wall |
| 17:45 | Queue | Villager (Male) |
| 17:55 | Build | Siege Workshop |
| 18:07 | Queue | Knight |
| 18:13 | Build | House |
| 18:21 | Queue | Knight |
| 19:20 | Queue | Knight |
| 19:28 | Queue | Battering Ram |
| 20:27 | Build | Monastery |
| 20:30 | Queue | Villager (Male) |
| 20:48 | Queue | Knight |
| 20:54 | Queue | Monk |
| 21:17 | Queue | Knight |
| 21:58 | Queue | Monk |
| 22:18 | Queue | Monk |
| 22:19 | Queue | Villager (Male) |
| 22:19 | Queue | Knight |
| 22:26 | Build | Farm |
| 22:27 | Build | Farm |
| 22:39 | Queue | Villager (Male) |
| 23:02 | Queue | Knight |
| 23:05 | Queue | Monk |
| 23:36 | Queue | Knight |
| 24:13 | Queue | Scorpion |
| 24:14 | Queue | Battering Ram |
| 24:16 | Build | Farm |
| 24:17 | Queue | Villager (Male) |
| 24:55 | Queue | Battering Ram |
| 25:07 | Build | Farm |
| 25:18 | Queue | Villager (Male) |
| 25:20 | Queue | Knight |
| 25:49 | Queue | Mangonel |
| 26:31 | Queue | Knight |
| 26:49 | Queue | Villager (Male) |
| 26:51 | Build | Farm |
| 27:12 | Queue | Monk |
| 27:40 | Queue | Knight |
| 27:48 | Queue | Villager (Male) |
| 27:49 | Queue | Knight |
| 28:02 | Queue | Monk |
| 28:04 | Queue | Knight |
| 28:28 | Queue | Knight |
| 28:42 | Queue | Knight |
| 28:50 | Build | Lumber Camp |
| 29:02 | Build | Town Center |
| 29:04 | Queue | Villager (Male) |
| 29:27 | Queue | Monk |
| 29:49 | Queue | Monk |
| 29:52 | Queue | Knight |
| 30:52 | Queue | Knight |
| 30:52 | Queue | Knight |
| 30:54 | Queue | Monk |
| 30:56 | Queue | Scorpion |
| 30:56 | Queue | Scorpion |
| 31:07 | Build | Farm |
| 31:14 | Research | Horse Collar |
| 31:16 | Build | Farm |
Match timeline
| 5:10 | pigrandom · first_building Barracks |
| 8:10 | sunsetfire · first_building Barracks |
| 8:57 | sunsetfire · wall_segment Palisade Wall x1 |
| 8:58 | sunsetfire · age_up feudal |
| 8:59 | sunsetfire · wall_segment Palisade Wall x3 |
| 9:00 | sunsetfire · wall_segment Palisade Wall x1 |
| 9:02 | sunsetfire · wall_segment Palisade Wall x1 |
| 9:10 | sunsetfire · wall_segment Palisade Wall x1 |
| 9:11 | sunsetfire · wall_segment Palisade Wall x1 |
| 9:26 | sunsetfire · first_building Stable |
| 10:15 | sunsetfire · wall_segment Palisade Wall x2 |
| 10:38 | pigrandom · wall_segment Palisade Wall x4 |
| 11:16 | pigrandom · wall_segment Palisade Wall x1 |
| 11:17 | pigrandom · wall_segment Palisade Wall x1 |
| 11:18 | pigrandom · wall_segment Palisade Wall x1 |
| 11:19 | pigrandom · wall_segment Palisade Wall x1 |
| 11:33 | pigrandom · age_up feudal |
| 12:16 | pigrandom · wall_segment Palisade Wall x3 |
| 12:30 | sunsetfire · first_building Archery Range |
| 13:14 | pigrandom · wall_segment Palisade Wall x1 |
| 13:54 | sunsetfire · wall_segment Palisade Wall x1 |
| 13:57 | sunsetfire · wall_segment Palisade Wall x1 |
| 13:58 | pigrandom · first_market_sell 100 stone |
| 13:59 | pigrandom · first_market_buy 100 food |
| 14:00 | sunsetfire · wall_segment Palisade Wall x1 |
| 14:02 | sunsetfire · wall_segment Palisade Wall x1 |
| 16:19 | pigrandom · first_building Stable |
| 16:41 | pigrandom · age_up castle |
| 17:02 | sunsetfire · wall_segment Stone Wall x8 |
| 17:26 | sunsetfire · wall_segment Stone Wall x7 |
| 17:36 | pigrandom · wall_segment Palisade Wall x1 |
| 17:55 | pigrandom · first_building Siege Workshop |
| 20:27 | pigrandom · first_building Monastery |
| 20:32 | sunsetfire · age_up castle |
| 20:37 | sunsetfire · first_building Siege Workshop |
| 21:07 | sunsetfire · first_building Monastery |
| 23:53 | sunsetfire · first_market_sell 100 wood |
| 24:33 | sunsetfire · first_market_buy 100 food |
| 47:23 | pigrandom · first_building Castle |
| 48:33 | pigrandom · age_up imperial |
| 49:49 | sunsetfire · first_building Castle |
| 51:01 | sunsetfire · age_up imperial |
| 51:12 | sunsetfire · resign |
[ AI ANALYSIS · 1 CREDIT ]
What really happened in this match?
Wolo.gg analyzes every decision: build order, eco, micro, common mistakes by bracket. Personalized analysis on WhatsApp or Discord in 30 seconds.
Civ guide
Gurjaras
Perfil
Jugador #553794